 Dungeon Crawl Stone Soup version 0.24-a0-312-g16217b4 (webtiles) character file.

Game seed: 15431703484102768806

13899 MisterFreud the Grappler (level 11, -2/94 HPs)
             Began as a Troll Hunter on May 15, 2019.
             Was the Champion of Ru.
             Slain by a tyrant leech (28 damage)
             ... on level 2 of the Lair of Beasts.
             The game lasted 00:20:58 (9337 turns).

MisterFreud the Grappler (Troll Hunter)             Turns: 9337, Time: 00:20:58

Health: -2/94      AC:  9    Str: 23    XL:     11   Next: 81%
Magic:  10/10      EV: 14    Int:  9    God:    Ru [******]
Gold:   844        SH:  0    Dex: 10    Spells: 10/10 levels left

rFire    . . .     SeeInvis .     - Unarmed
rCold    . . .     Gourm    +   (no shield)
rNeg     . . .     Faith    .   b - +1 robe
rPois    .         Spirit   .   E - +2 hat
rElec    .         Reflect  .   (no cloak)
rCorr    +         Harm     .   (gloves unavailable)
MR       .....                  (boots unavailable)
Stlth    +.........             K - amulet of the acrobat
HPRegen  0.65/turn              D - ring of resist corrosion
MPRegen  0.12/turn              w - +2 ring of intelligence

@: no status effects
A: large, unfitting armour, claws 3, fast metabolism 3, frail 1, gourmand,
regeneration 1, shaggy fur 1, tough skin 3, weak 1, inability to use devices, no
ice magic, no necromancy magic, no translocations magic
a: Draw Out Power, Power Leap, Apocalypse, Renounce Religion


You were on level 2 of the Lair of Beasts.
You worshipped Ru.
Ru was exalted by your worship.
You were very full.

You visited 2 branches of the dungeon, and saw 12 of its levels.

You collected 844 gold pieces.

Inventory:

Hand Weapons
 e - a +0 whip of flaming
 G - a cursed +4 morningstar
 H - the +2 flail of Neijekux {crush, rN+ Int+3}
   (You found it on level 9 of the Dungeon)

   It inflicts extra damage upon your enemies.
   It affects your intelligence (+3).
   It protects you from negative energy.
 L - a +3 scimitar of flaming
Missiles
 c - 5 large rocks (quivered)
 d - 2 throwing nets
 m - 400 stones
 u - 6 javelins
 z - 10 boomerangs of dispersal
 B - 4 silver boomerangs
 C - 13 boomerangs
 J - 7 silver javelins
Armour
 b - a +1 robe (worn)
 E - a +2 hat (worn)
Jewellery
 p - an uncursed ring of magical power
 w - a +2 ring of intelligence (right claw)
 D - a ring of resist corrosion (left claw)
 K - an amulet of the acrobat (around neck)
Scrolls
 g - 5 scrolls of remove curse
 h - 4 scrolls of immolation
 i - 4 scrolls of enchant weapon
 o - a scroll of enchant armour
 x - a scroll of magic mapping
 y - a scroll of blinking
Potions
 j - 8 potions of curing
 k - 2 potions of might
 l - 2 potions of berserk rage
 n - 2 potions of cancellation
 q - 2 potions of lignification
 r - a potion of magic
 s - 2 potions of mutation
 t - a potion of heal wounds
 v - a potion of agility
 I - a potion of brilliance
 M - 2 potions of haste {unknown}
Comestibles
 f - 24 rations


   Skills:
 - Level 6.0 Fighting
 + Level 7.8 Throwing
 - Level 10.1 Dodging
 - Level 0.3 Stealth
 + Level 11.2 Unarmed Combat


You had 10 spell levels left.
You didn't know any spells.
Your spell library contained the following spells:

 Spells                   Type           Power        Failure   Level  Hunger
 Confusing Touch          Hex            #.....       38%         1    ##.....
 Summon Small Mammal      Summ           #...         38%         1    ##.....
 Irradiate                Conj/Tmut      #.........   100%        5    ######.
 Hydra Form               Tmut           #.........   100%        6    #######
 Statue Form              Tmut/Erth      #........    100%        6    #######
 Dragon Form              Tmut           #.........   100%        7    #######
 Animate Skeleton         Necr           Unusable     N/A         1    N/A
 Apportation              Tloc           Unusable     N/A         1    N/A
 Pain                     Necr           Unusable     N/A         1    N/A
 Regeneration             Chrm/Necr      Unusable     N/A         3    N/A
 Vampiric Draining        Necr           Unusable     N/A         3    N/A
 Animate Dead             Necr           Unusable     N/A         4    N/A

Dungeon Overview and Level Annotations

Branches:
Dungeon (10/15)            Temple (0/1) D:4            Lair (2/6) D:9
 Spider (0/4) Lair:2
  Swamp: Lair:2-4    Shoals: Lair:2-4       Orc: D:9-12

Altars:
Ashenzari
Cheibriados
Dithmenos
Fedhas
Gozag
Qazlal
Ru
Sif Muna
Trog
Wu Jian
Yredelemnul
Zin


Innate Abilities, Weirdness & Mutations

You are too large for most types of armour.
You have claws for hands.
Your metabolism is lightning-fast.
You are frail. (-10% HP)
You like to eat raw meat.
Your natural rate of healing is unusually fast.
You are covered in fur. (AC +1)
You have extremely tough skin. (AC +3)
You are weak. (Str -2)
You cannot study or use magical devices.
You cannot study or cast Ice magic.
You cannot study or cast Necromancy magic.
You cannot study or cast Translocations magic.


Message History

You claw the tyrant leech!
The tyrant leech is heavily wounded.
The tyrant leech bites you!!
The tyrant leech draws strength from your injuries!
You scratch the tyrant leech. Your claw misses the tyrant leech.
The tyrant leech is moderately wounded.
The tyrant leech bites you but does no damage.
You closely miss the tyrant leech. You claw the tyrant leech!
The tyrant leech is moderately wounded.
You barely miss the tyrant leech.
The tyrant leech is moderately wounded.
The tyrant leech bites you!!
* * * LOW HITPOINT WARNING * * *
The tyrant leech draws strength from your injuries!
You claw the tyrant leech!
The tyrant leech is heavily wounded.
You claw the tyrant leech! Your claw misses the tyrant leech.
The tyrant leech is severely wounded.
The tyrant leech bites you!!
You die...

# #.>. # ##.. ## #... .# ### #Pa.
.######## #.######### ######..
..P#.##.####.#.##PP.######.#.#...
.................................
.....................)...........
....).........aw@................
.........>.......................
.................................
.................................
..#######.##.######.#.####P######
### ###### ##### ###


You could see a tyrant leech and a worker ant.

Vanquished Creatures
  Urug (D:10)
  Pikel (D:4)
  A deep elf mage (D:10)
  Psyche (D:10)
  3 black mambas (Lair:1)
  A spiny frog (Lair:1)
  An efreet (D:10)
  3 komodo dragons (Lair:1)
  A troll (D:10)
  A jumping spider (Lair:2)
  A hippogriff (Lair:1)
  9 yaks (Lair:1)
  2 hungry ghosts
  A wyvern (D:10)
  13 soldier ants
  4 porcupines
  4 water moccasins
  2 black bears
  3 orc warriors
  2 ice beasts
  A sky beast (D:6)
  A hornet zombie (D:9)
  A slave (D:5)
  2 necrophages
  4 ogres
  A phantom (D:6)
  A wolf (Lair:1)
  4 crocodiles
  12 bullfrogs
  3 big kobolds
  A wyvern zombie (D:9)
  A wyvern skeleton (D:8)
  4 scorpions
  4 wights (D:9)
  7 killer bees
  3 howler monkeys
  3 crimson imps
  A bullfrog zombie (D:8)
  2 centaur zombies
  4 orc priests
  3 hounds
  10 orc wizards
  5 bullfrog skeletons
  2 iguanas
  Terence (D:2)
  16 worker ants
  A howler monkey zombie (D:5)
  A worker ant zombie (D:10)
  13 adders
  10 river rats (D:7)
  2 shadow imps
  A worker ant simulacrum (D:10)
  An ooze (D:3)
  2 adder skeletons
  A worm (D:3)
  4 dart slugs
  3 leopard geckos
  25 orcs
  3 giant cockroaches
  5 goblins
  2 hobgoblins
  2 jackals (D:5)
  18 kobolds
  9 quokkas
  A ball python (D:2)
  5 bats
  6 frilled lizards
  2 giant cockroach zombies (D:5)
  A leopard gecko zombie (D:6)
  16 rats
  A fungus (D:1)
  A toadstool (D:1)
288 creatures vanquished.

Vanquished Creatures (others)
  A torpor snail (shapeshifter) (D:10)
  A howler monkey (D:5)
  A crimson imp (D:10)
  An iguana (D:10)
  2 orcs
  2 fungi (Lair:1)
  A plant (Lair:1)
  3 toadstools (D:1)
12 creatures vanquished.

Grand Total: 300 creatures vanquished

Notes
Turn   | Place    | Note
-------+----------+-------------------------------------------
     0 | D:1      | MisterFreud the Troll Hunter began the quest for the Orb.
     0 | D:1      | Reached XP level 1. HP: 19/19 MP: 0/0
    43 | D:1      | Reached skill level 1 in Unarmed Combat
   123 | D:1      | Reached XP level 2. HP: 21/27 MP: 1/1
   242 | D:1      | Reached skill level 2 in Unarmed Combat
   724 | D:2      | Noticed Terence
   734 | D:2      | Killed Terence
   734 | D:2      | Reached skill level 3 in Unarmed Combat
   734 | D:2      | Reached XP level 3. HP: 24/33 MP: 2/2
   800 | D:2      | Reached XP level 4. HP: 41/41 MP: 3/3
  1369 | D:3      | Found a sacrificial altar of Ru.
  1394 | D:3      | Became a worshipper of Ru the Awakened
  1480 | D:3      | Reached skill level 4 in Unarmed Combat
  1496 | D:3      | Found a bloodstained altar of Trog.
  2113 | D:4      | Reached XP level 5. HP: 36/48 MP: 4/4
  2156 | D:4      | Found a staircase to the Ecumenical Temple.
  2167 | D:4      | Found a shadowy altar of Dithmenos.
  2177 | D:4      | Reached skill level 5 in Unarmed Combat
  2179 | D:4      | Noticed an ogre
  2186 | D:4      | Killed an ogre
  2216 | D:4      | Noticed an ogre
  2224 | D:4      | Killed an ogre
  2224 | D:4      | Reached skill level 6 in Unarmed Combat
  2224 | D:4      | Reached XP level 6. HP: 12/55 MP: 5/5
  2468 | D:4      | Gained mutation: You cannot study or use magical devices.
                  | [Ru sacrifice]
  2468 | D:4      | Reached * piety under Ru
  2468 | D:4      | Reached ** piety under Ru
  2484 | D:4      | Found a basalt altar of Yredelemnul.
  2774 | D:5      | Entered Level 5 of the Dungeon
  2777 | D:5      | Noticed a slave
  2778 | D:5      | Noticed Pikel
  2787 | D:5      | Noticed a slave
  2788 | D:5      | Killed a slave
  2788 | D:5      | Noticed a slave
  2791 | D:5      | Noticed a slave
  2801 | D:4      | Killed Pikel
  2801 | D:4      | Reached skill level 5 in Throwing
  2801 | D:4      | Reached skill level 7 in Unarmed Combat
  2801 | D:4      | Reached XP level 7. HP: 39/62 MP: 6/6
  2946 | D:5      | Found a shattered altar of Ashenzari.
  3005 | D:5      | Reached skill level 8 in Unarmed Combat
  3005 | D:5      | Reached XP level 8. HP: 64/70 MP: 7/7
  3170 | D:5      | Found a blossoming altar of Fedhas.
  3391 | D:6      | Found a snail-covered altar of Cheibriados.
  3760 | D:6      | Found an ornate altar of the Wu Jian Council.
  4017 | D:7      | Gained mutation: You are frail. (-10% HP) [Ru sacrifice]
  4017 | D:7      | Reached *** piety under Ru
  4017 | D:7      | Reached **** piety under Ru
  4024 | D:7      | Found a deep blue altar of Sif Muna.
  4101 | D:7      | Reached skill level 5 in Dodging
  4221 | D:7      | Found a sacrificial altar of Ru.
  4304 | D:7      | Reached XP level 9. HP: 57/67 MP: 8/8
  5320 | D:8      | Gained mutation: You cannot study or cast Ice magic. [Ru
                  | sacrifice]
  5320 | D:8      | Gained mutation: You cannot study or cast Necromancy magic.
                  | [Ru sacrifice]
  5320 | D:8      | Gained mutation: You cannot study or cast Translocations
                  | magic. [Ru sacrifice]
  5320 | D:8      | Reached ***** piety under Ru
  5672 | D:9      | Got a fine flail
  5673 | D:9      | Identified the +2 flail of Neijekux {crush, rN+ Int+3} (You
                  | found it on level 9 of the Dungeon)
  5828 | D:9      | Found an opulent altar of Gozag.
  5828 | D:9      | Found a glowing silver altar of Zin.
  5908 | D:9      | Reached XP level 10. HP: 75/75 MP: 9/9
  5924 | D:9      | Found a staircase to the Lair.
  6036 | D:9      | Found a stormy altar of Qazlal.
  6075 | D:10     | Entered Level 10 of the Dungeon
  6159 | D:10     | Noticed a torpor snail
  6171 | D:10     | Killed a torpor snail
  6171 | D:10     | Reached skill level 10 in Dodging
  6373 | D:10     | Noticed Urug
  6399 | D:10     | Killed Urug
  6658 | D:10     | Noticed Psyche
  6682 | D:10     | Reached skill level 5 in Fighting
  6726 | D:10     | Killed Psyche
  6900 | D:10     | Noticed a deep elf mage
  6914 | D:10     | Killed a deep elf mage
  7193 | Lair:1   | Entered Level 1 of the Lair of Beasts
  7208 | Lair:1   | Gained mutation: You are weak. (Str -2) [Ru sacrifice]
  7208 | Lair:1   | Reached ****** piety under Ru
  7227 | Lair:1   | Reached XP level 11. HP: 91/93 MP: 10/10
  7275 | Lair:1   | Reached skill level 9 in Unarmed Combat
  7630 | Lair:1   | Reached skill level 10 in Unarmed Combat
  7910 | Lair:1   | HP: 4/94 [komodo dragon (19)]
  8653 | Lair:2   | Found a hole to the Spider Nest.
  8977 | Lair:2   | Reached skill level 11 in Unarmed Combat
  8997 | Lair:2   | Noticed a queen ant
  9337 | Lair:2   | Slain by a tyrant leech

Levels and vault maps discovered:
D:1:      psy_arrival_spokes, layout_basic, minmay_gold_behind_fungi
D:2:      layout_basic, uniq_terence
D:3:      layout_basic, lemuel_crystal_altar, nicolae_ru_sacrificial_ziggurat
D:4:      layout_basic, yredelemnul_altar_generic, grunt_dithmenos_smoke,
          minmay_temple_entry_glass, hangedman_abyss_or_decor_lesser_grid
D:5:      layout_rooms, fedhas_altar_2, lemuel_doored_altar, first_ration,
          uniq_pikel
D:6:      layout_loops_cross, old_standard_altar, lemuel_crystal_altar
D:7:      lemuel_ratsnest, layout_gridville, nicolae_overflow_hidden_temple,
          old_standard_altar
D:8:      layout_basic
D:9:      layout_loops_ring, nicolae_qazlal_eye_of_the_storm,
          grunt_temple_overflow_gold_and_silver, grunt_lair_entry_orc_guard_hut
D:10:     minmay_bloctagon_deflated, layout_loops_cross, uniq_psyche, uniq_urug
Lair:1:   layout_regular_city, beast_lair_carwin_6
Lair:2:   layout_big_grid, minmay_swamp_entry_worms, spider_nest_entry_a,
          minivault_29

Skill      XL: |  1  2  3  4  5  6  7  8  9 10 11 |
---------------+----------------------------------+-----
Unarmed Combat | 1 3 4 6 7 8 11 | 11.2
Throwing       | 5 6 7 |  7.8
Dodging        | 5 9 10 | 10.1
Fighting       | 6 |  6.0
Stealth        | |  0.3

Action                   |  1- 3 |  4- 6 |  7- 9 | 10-12 || total
-------------------------+-------+-------+-------+-------++-------
Melee: Unarmed           |    76 |   103 |   375 |   465 ||  1019
       Punch             |       |     4 |    15 |    15 ||    34
Throw: Large rock        |     1 |     1 |       |       ||     2
Invok: Sacrifice Artific |       |     1 |       |       ||     1
       Sacrifice Health  |       |       |     1 |       ||     1
       Sacrifice Arcana  |       |       |     1 |       ||     1
       Sacrifice Purity  |       |       |       |     1 ||     1
  Use: Scroll            |       |     9 |     3 |     8 ||    20
       Potion            |       |       |       |     3 ||     3
 Stab: Sleeping          |       |     1 |     1 |       ||     2
       Invisible         |       |       |     2 |     6 ||     8
       Distracted        |       |       |     1 |     1 ||     2
       Paralysed         |       |       |       |     4 ||     4
  Eat: Chunk             |    12 |    17 |    38 |    36 ||   103
Armor: Robe              |    26 |    23 |    72 |    79 ||   200
Dodge: Dodged            |    26 |    46 |   146 |   207 ||   425

Table legend:
 A = Non-vault XP
 B = Vault XP
 C = Vault XP percentage of total XP
 D = Non-vault monster count
 E = Vault monster count
 F = Vault count percentage of total count
                 A         B        C        D         E       F
            +---------+---------+-------+---------+---------+-------
      Total |   12379 |    7478 |  37.7 |     216 |      69 |  24.2
            +---------+---------+-------+---------+---------+-------
        D:1 |      30 |       0 |   0.0 |      18 |       0 |   0.0
        D:2 |      47 |      32 |  40.5 |      13 |       1 |   7.1
        D:3 |      60 |       0 |   0.0 |      17 |       0 |   0.0
        D:4 |     405 |     641 |  61.3 |      10 |       1 |   9.1
        D:5 |     294 |       0 |   0.0 |      19 |       0 |   0.0
        D:6 |     555 |       0 |   0.0 |       9 |       0 |   0.0
        D:7 |     996 |     163 |  14.1 |      29 |      26 |  47.3
        D:8 |     864 |       0 |   0.0 |      17 |       0 |   0.0
        D:9 |    1099 |     485 |  30.6 |      15 |       4 |  21.1
       D:10 |    2865 |    2123 |  42.6 |      43 |       6 |  12.2
     Lair:1 |    4775 |    1702 |  26.3 |      22 |       9 |  29.0
     Lair:2 |     389 |    2332 |  85.7 |       4 |      22 |  84.6
            +---------+---------+-------+---------+---------+-------
